AoeStats
← Chris77A

Black Forest

503425922Analyzed
2v2 RM · 1mo ago on Aug 31, 2026· 54m 32s· 4 players
Game mode
Random Map
Map size
Medium (4 player)
Population
200
Speed
Normal
Resources
Standard
Victory
Conquest
Starting age
Dark Age
Ending age
Imperial Age
RankedLock teamsTeams togetherTeam positionsShared explorationLock speedFull tech treeHidden civsTurbo modeCheats
Victory
Defeat
🇷🇺 Celts · Russia
1226
+17
🇷🇺 Malians · Russia
1210
+18
🇬🇧 Bohemians · United Kingdom
1280
-19
🇬🇧 Teutons · United Kingdom
1219
-16
MisterGabby
8:06 Loom
10:03 Feudal Age
15:40 Castle Age
24:39 Fletching
27:50 Wheelbarrow
27:15 Horse Collar
35:03 Imperial Age
33:00 Bloodlines
34:12 Forging
34:07 Scale Barding Armor
34:38 Hand Cart
35:10 Heavy Plow
35:04 Gold Mining
35:07 Stone Mining
36:44 Chemistry
36:54 Gold Shaft Mining
37:01 Squires
36:25 Cavalier
38:01 Town Watch
39:46 Husbandry
40:27 Farimba
41:03 Iron Casting
40:49 Chain Barding Armor
42:49 Town Patrol
44:38 Plate Barding Armor
51:19 Murder Holes
51:59 Fortified Wall
52:27 Masonry
GabbyMister
0:48 Loom
11:10 Feudal Age
16:01 Castle Age
16:57 Wheelbarrow
24:42 Horse Collar
28:35 Hand Cart
31:25 Pikeman
35:22 Gold Mining
35:22 Stone Mining
36:22 Double-Bit Axe
37:13 Stone Mining
38:33 Bow Saw
42:10 Heavy Plow
43:26 Arson
43:56 Forging
43:46 Scale Mail Armor
43:41 Stone Mining
44:27 Gold Shaft Mining
47:45 Imperial Age
46:15 Stone Shaft Mining
46:34 Iron Casting
46:14 Chain Mail Armor
47:22 Chain Mail Armor
48:53 Conscription
49:57 Blast Furnace
49:27 Plate Mail Armor
50:00 Elite Woad Raider
50:20 Elite Woad Raider
Chris77A
1:08 Loom
13:04 Feudal Age
16:55 Castle Age
15:28 Double-Bit Axe
18:22 Horse Collar
33:50 Wheelbarrow
35:21 Bow Saw
38:34 Hand Cart
39:05 Ballistics
39:36 Heavy Plow
41:43 Fletching
41:53 Padded Archer Armor
42:38 Elite Skirmisher
53:12 Pikeman
DrunkMonk
4:35 Loom
11:46 Feudal Age
14:01 Forging
22:06 Castle Age
21:13 Horse Collar
23:05 Scale Barding Armor
28:37 Chain Barding Armor
30:11 Fletching
30:56 Iron Casting
32:39 Wheelbarrow
33:45 Town Watch
37:47 Imperial Age
35:38 Double-Bit Axe
36:37 Masonry
36:37 Town Watch
38:45 Chemistry
38:01 Bodkin Arrow
38:15 Padded Archer Armor
39:00 Conscription
38:01 Elite Hussite Wagon
38:32 Cavalier
40:38 Bow Saw
41:42 Leather Archer Armor
42:12 Ballistics
41:56 Heavy Plow
42:51 Hand Cart
43:24 Pikeman
46:18 Halberdier
50:20 Scale Mail Armor
50:51 Ring Archer Armor
52:02 Squires
51:47 Arson
Connection lost

Rejoining the realm…

Still unreachable

The connection could not be restored.

Session expired

The server has moved on; the page needs a fresh start.